 Dungeon Crawl Stone Soup version 0.30.1-4-g462c640d31 (webtiles) character file.

Game seed: 3767958946944454586

10 kingsuperguy the Covert (level 2, -3/29 HPs)
             Began as a Gnoll Delver on Sept 1, 2023.
             Succumbed to a kobold's poison
             ... on level 1 of the Dungeon.
             The game lasted 00:01:49 (378 turns).

kingsuperguy the Covert (Gnoll Delver)               Turns: 378, Time: 00:01:50

Health: -3/29      AC:  3    Str: 15 (17) XL:     2   Next: 20%
Magic:  2/2        EV: 12    Int:  8 (9)  God:
Gold:   86         SH:  0    Dex: 11 (13) Spells: 1/1 levels left

rFire   . . .        a - +0 spear
rCold   . . .        (no shield)
rNeg    . . .        b - +0 leather armour
rPois   .            (no helmet)
rElec   .            (no cloak)
rCorr   .            (no gloves)
SInv    .            (no boots)
Will    .....        (no amulet)
Stlth   ++++         i - +6 ring of strength
HPRegen 0.24/turn    (no ring)
MPRegen 0.08/turn

%: no passive effects
@: brilliant, lethally poisoned (-3 -> -20)
A: fangs 1, strong nose, distributed training
a: no special abilities


You were on level 1 of the Dungeon.
You visited 1 branch of the dungeon, and saw 5 of its levels.

You collected 86 gold pieces.

Inventory:

Hand Weapons
 a - a +0 spear (weapon)
Missiles
 l - 2 curare-tipped darts (quivered)
Armour
 b - a +0 leather armour (worn)
Jewellery
 i - a +6 ring of strength (left hand)
Wands
 g - a wand of digging (3)
Scrolls
 c - a scroll of fog
 d - a scroll of magic mapping
 j - 2 scrolls of identify {unknown}
 k - a scroll of immolation {unknown}
 n - a scroll of enchant armour {unknown}
Potions
 f - a potion of haste


   Skills:
 + Level 6.4 Fighting
 + Level 0.3 Short Blades
 + Level 0.3 Long Blades
 + Level 0.3 Axes
 + Level 0.3 Maces & Flails
 + Level 4.4 Polearms
 + Level 0.3 Staves
 + Level 0.3 Ranged Weapons
 + Level 0.3 Throwing
 + Level 0.3 Armour
 + Level 4.4 Dodging
 + Level 9.5 Stealth
 + Level 0.3 Shields
 + Level 0.3 Unarmed Combat
 + Level 0.3 Spellcasting
 + Level 0.2 Conjurations
 + Level 0.2 Hexes
 + Level 0.2 Summonings
 + Level 0.2 Necromancy
 + Level 0.2 Translocations
 + Level 0.2 Transmutations
 + Level 0.2 Fire Magic
 + Level 0.2 Ice Magic
 + Level 0.2 Air Magic
 + Level 0.2 Earth Magic
 + Level 0.2 Poison Magic
 + Level 0.4 Invocations
 + Level 0.3 Evocations


You had one spell level left.
You didn't know any spells.
Your spell library was empty.

Dungeon Overview and Level Annotations

Branches:
Dungeon (5/15)
 Temple: D:4-7

Altars:

Shops:
D:1 ?

Annotations:
D:5 Eustachio


Innate Abilities, Weirdness & Mutations

You have very sharp teeth.
Your uncanny sense of smell can sniff out nearby items.
Your experience applies equally to all skills.


Message History

The stone barely misses you. The jackal closely misses you.
The jackal misses you.
You barely miss the jackal.
The jackal is almost dead.
The jackal barely misses you. The jackal closely misses you.
You closely miss the jackal.
The jackal is almost dead.
The jackal barely misses you.
The jackal bites you but does no damage.
The kobold hits you with a +1 whip of venom.
You are poisoned.
You miss the jackal.
The jackal is almost dead.
You feel sick.
The jackal bites you but does no damage.
The jackal barely misses you.
The jackal bites you but does no damage.
The kobold hits you with a +1 whip of venom.
You are more poisoned.
It was a potion of brilliance.
You feel clever all of a sudden.
You feel very sick. The jackal barely misses you.
The jackal closely misses you. x2
The kobold hits you with a +1 whip of venom.
You are lethally poisoned!
It was a potion of degeneration.
There was something very wrong with that liquid.
You feel weakened.
You feel dopey.
You feel clumsy.
* * * LOW HITPOINT WARNING * * *
You feel very sick.
The jackal bites you but does no damage.
The jackal barely misses you. The kobold hits you but does no damage.
You are more poisoned.
Okay, then.
As you read the scroll of fear, it crumbles to dust.
You assume a fearsome visage.
The jackal looks frightened! x2
The kobold looks frightened!
* * * LOW HITPOINT WARNING * * *
You feel very sick.
You die...

#$# #.# ..# #######.#
........#
####.....####
#......$....## #### ##
#K..@.....###..# ...
#..........##..##....
#......#...###........
#h##h..#†.....∩...####
#......####....####
#.###..# #.##..# ∆ .
...# #. #(.### ###.#
#. #....#####
......+..>.....


You could see 2 jackals and a kobold (fleeing).

Vanquished Creatures
  A goblin (D:2)
  2 hobgoblins (D:4)
  A kobold (D:2)
  A quokka (D:2)
  3 ball pythons
  2 bats (D:2)
10 creatures vanquished.

Notes
Turn   | Place    | Note
-------+----------+-------------------------------------------
     0 | D:5      | Reached skill level 9 in Stealth
     0 | D:5      | kingsuperguy the Gnoll Delver began the quest for the Orb.
     0 | D:5      | Reached XP level 1. HP: 23/23 MP: 1/1
     5 | D:5      | Noticed a hound
    47 | D:5      | Noticed Eustachio
   237 | D:2      | Reached XP level 2. HP: 29/29 MP: 2/2
   334 | D:1      | Found Gyrol's Magic Scroll Boutique.
   377 | D:1      | HP: 1/29 [poisoned by a kobold]
   378 | D:1      | Succumbed to a kobold's poison

Illustrated notes

Levels and vault maps discovered:
D:1:      wander_arrival_peaceful_grave, layout_basic, serial_shops,
          nicolae_square_shop, chequers_serial_rivers_micro_b, hex_tiny
D:2:      layout_rooms, solitary_fountain
D:3:      layout_loops_ring, serial_aquarium, aquarium_bridge_long_joined
          [aquarium_subvault_window, aquarium_subvault_bridge,
          aquarium_subvault_bridge, aquarium_subvault_wall,
          aquarium_subvault_window, aquarium_subvault_window],
          aquarium_window_fake, aquarium_window_fake, aquarium_window_2,
          aquarium_view_2b, aquarium_view_2b, aquarium_balcony_3a,
          dreamdust_ecumenical_altar_angels_and_demons, minivault_23,
          eino_tiny_chamber
D:4:      layout_basic, makhleb_altar_promises_db, serial_park_tiny_pond,
          minmay_circle_x
D:5:      layout_cave_pools, mainiacjoe_overflow_alcove_1, temple_hall,
          serial_gnoll_camp, gnoll_camp_huts_moat, gnoll_camp_mini_hut,
          gnoll_camp_mini_loothouse, gnoll_camp_mini_house, minivault_23,
          dreamdust_mushroom_princess, uniq_sigmund, uniq_eustachio,
          uniq_grinder

Skill      XL: | |
---------------+-+-----
Stealth        | |  9.5
Fighting       | |  6.4
Short Blades   | |  0.3
Long Blades    | |  0.3
Axes           | |  0.3
Maces & Flails | |  0.3
Polearms       | |  4.4
Staves         | |  0.3
Ranged Weapons | |  0.3
Throwing       | |  0.3
Armour         | |  0.3
Dodging        | |  4.4
Shields        | |  0.3
Unarmed Combat | |  0.3
Spellcasting   | |  0.3
Conjurations   | |  0.2
Hexes          | |  0.2
Summonings     | |  0.2
Necromancy     | |  0.2
Translocations | |  0.2
Transmutations | |  0.2
Fire Magic     | |  0.2
Ice Magic      | |  0.2
Air Magic      | |  0.2
Earth Magic    | |  0.2
Poison Magic   | |  0.2
Invocations    | |  0.4
Evocations     | |  0.3

Action                     || total
---------------------------++-------
  Melee: Spear             ||    41
         Bite              ||     5
         Punch             ||     1
    Use: Potion            ||     2
         Scroll            ||     1
   Stab: Sleeping          ||     5
 Armour: Leather armour    ||    12
  Dodge: Dodged            ||    35
